 Dungeon Crawl Stone Soup version 0.30-a0-1085-g990a428a5c (webtiles) character file.

Game seed: 11866676594972697925

151 themarg the Chiller (level 5, 0/35 HPs)
             Began as a Merfolk Ice Elementalist on Apr 16, 2023.
             Slain by a phantom (3 damage)
             ... on level 3 of the Dungeon.
             The game lasted 00:10:37 (3103 turns).

themarg the Chiller (Merfolk Ice Elementalist)      Turns: 3103, Time: 00:10:37

Health: 0/35       AC:  3    Str:  9    XL:     5   Next: 33%
Magic:  6/9        EV: 12    Int: 16    God:
Gold:   188        SH:  0    Dex: 14    Spells: 3/10 levels left

rFire   . . .      SeeInvis .    d - +0 dagger
rCold   . . .      Faith    .    (no shield)
rNeg    . . .      Spirit   .    a - +0 robe
rPois   .          Reflect  .    k - +0 helmet
rElec   .          Rampage  .    (no cloak)
rCorr   .                        (no gloves)
Will    .....                    (no boots)
Stlth   ++                       (no amulet)
HPRegen 0.25/turn                (no ring)
MPRegen 0.11/turn                (no ring)

@: no status effects
A: (nimble swimmer 2), mertail
a: no special abilities


You were on level 3 of the Dungeon.
You visited 1 branch of the dungeon, and saw 3 of its levels.

You collected 188 gold pieces.

Inventory:

Hand Weapons
 d - a +0 dagger (weapon)
Missiles
 m - 12 stones (quivered)
Armour
 a - a +0 robe (worn)
 k - a +0 helmet (worn)
Jewellery
 q - a ring of ice
Wands
 p - a wand of charming (7)
Scrolls
 c - a scroll of teleportation {unknown}
 g - 3 scrolls of fear {unknown}
 h - a scroll of identify {unknown}
 i - 2 scrolls of amnesia {unknown}
 j - a scroll of fog {unknown}
 n - a scroll of immolation {unknown}
 o - a scroll of enchant armour {unknown}
Potions
 e - 3 potions of ambrosia {unknown}
 f - a potion of heal wounds {unknown}
 l - a potion of curing {unknown}


   Skills:
 - Level 2.6 Dodging
 - Level 3.0 Stealth
 - Level 3.0 Spellcasting
 + Level 6.1 Ice Magic


You had 3 spell levels left.
You knew the following spells:

 Your Spells              Type           Power      Damage    Failure   Level
a - Freeze                Ice            88%        1d9       1%          1
b - Frozen Ramparts       Ice            44%        1d7       4%          3
c - Ozocubu's Armour      Ice            22%        N/A       4%          3

Your spell library contained the following spells:

 Spells                   Type           Power      Damage    Failure   Level
 Summon Ice Beast         Ice/Summ       12%        N/A       45%         4


Dungeon Overview and Level Annotations

Branches:
Dungeon (3/15)

Altars:

Annotations:
D:3 2 runed translucent doors, BubbleThief's ghost, amateur BaIE


Innate Abilities, Weirdness & Mutations

((You are very nimble when in or above water. (Stealth+, EV+, Speed+++)))
Your lower body shifts to a powerful aquatic tail in water.


Message History

The phantom hits you.
The phantom blinks!
You blink.
You hit the phantom but do no damage.
The phantom is severely damaged.
The phantom barely misses you.
You hit the phantom.
The phantom is almost destroyed.
The phantom hits you.
You closely miss the phantom.
The phantom is severely damaged.
The phantom hits you!
The phantom blinks!
You blink.
Aiming: Freeze (safe; 1% risk of failure)
Press: ? - help, Shift-Dir - straight line, f/p - phantom
Aim: a phantom (severely damaged)
You freeze the phantom but do no damage.
The phantom completely resists.
The phantom barely misses you.
You closely miss the phantom.
The phantom is severely damaged.
The phantom hits you. Magic courses through your body.
The phantom closely misses you.
Aiming: Freeze (safe; 1% risk of failure)
Press: ? - help, Shift-Dir - straight line, f/p - phantom
Aim: a phantom (severely damaged)
You freeze the phantom.
The phantom resists.
The phantom is almost destroyed.
The phantom hits you!
* * * LOW HITPOINT WARNING * * *
Aiming: Freeze (safe; 1% risk of failure)
Press: ? - help, Shift-Dir - straight line, f/p - phantom
Aim: a phantom (almost destroyed)
You freeze the phantom but do no damage.
The phantom completely resists.
The phantom hits you.
* * * LOW HITPOINT WARNING * * *
The phantom blinks!
You blink.
Aiming: Freeze (safe; 1% risk of failure)
Press: ? - help, Shift-Dir - straight line, f/p - phantom
Aim: a phantom (almost destroyed)
You freeze the phantom.
The phantom resists.
The phantom is almost destroyed.
The phantom hits you.
You die...

............................#
......................#.....#
...................####.....#
...................# #######
.................###
...............ยง.########
................[.......#
.......).........W..>...#
................@...[...#
..........###...........#
.......#### #...........#
.......# ##..........#
......## #..........#
.....g## #..........#
.......# #..........#
.......############..####
.......#.....## #...#####


You could see a phantom.

Vanquished Creatures
  Robin (D:2)
  3 gnolls (D:3)
  3 adders
  A worm (D:3)
  2 dart slugs
  8 ball pythons
  6 bats
  7 endoplasms
  3 giant cockroaches
  7 goblins
  11 hobgoblins
  4 jackals
  4 kobolds
  2 quokkas (D:2)
  4 frilled lizards
  4 rats
70 creatures vanquished.

Notes
Turn   | Place    | Note
-------+----------+-------------------------------------------
     0 | D:1      | themarg the Merfolk Ice Elementalist began the quest for
                  | the Orb.
     0 | D:1      | Reached XP level 1. HP: 13/13 MP: 3/3
   279 | D:1      | Reached XP level 2. HP: 13/19 MP: 0/5
   792 | D:1      | Reached XP level 3. HP: 24/24 MP: 4/6
  1263 | D:2      | Reached skill level 5 in Ice Magic
  1466 | D:2      | Noticed Robin
  1539 | D:1      | Learned a level 3 spell: Frozen Ramparts
  1565 | D:2      | Reached XP level 4. HP: 30/30 MP: 6/8
  1831 | D:2      | Killed Robin
  2012 | D:3      | Noticed a phantom
  2036 | D:3      | Found a faded altar of an unknown god.
  2442 | D:3      | Reached XP level 5. HP: 35/35 MP: 3/9
  2532 | D:3      | Reached skill level 6 in Ice Magic
  2778 | D:3      | Found a runed translucent door.
  2784 | D:3      | Noticed BubbleThief's ghost (amateur BaIE)
  2848 | D:3      | Found a runed translucent door.
  3068 | D:3      | Learned a level 3 spell: Ozocubu's Armour
  3103 | D:3      | Slain by a phantom

Illustrated notes

Levels and vault maps discovered:
D:1:      dpeg_arrival_short_road, layout_basic
D:2:      layout_loops_ring, minmay_misc_feat_secret_circle,
          chequers_serial_rivers_micro_b, uniq_robin
D:3:      layout_rooms, nicolae_ecumenical_snake_handling, ebering_ghost_sewer_f

Skill      XL: |  1  2  3  4  5 |
---------------+----------------+-----
Stealth        | 3 |  3.0
Ice Magic      | 5 6 |  6.1
Spellcasting   | 3 |  3.0
Dodging        | |  2.6

Action                     |  1- 3 |  4- 6 || total
---------------------------+-------+-------++-------
  Melee: Dagger            |    21 |    38 ||    59
         Unarmed           |     1 |       ||     1
         Punch             |       |     1 ||     1
  Throw: Stone             |       |     2 ||     2
         Throwing net      |       |     1 ||     1
   Cast: Freeze            |    50 |    39 ||    89
         Frozen Ramparts   |       |     9 ||     9
         Ozocubu's Armour  |       |     1 ||     1
    Use: Potion            |       |     1 ||     1
   Stab: Sleeping          |     4 |     4 ||     8
 Armour: Robe              |    10 |     9 ||    19
  Dodge: Dodged            |    38 |    43 ||    81

Table legend: (Time is in decaauts)
 A = Elapsed time spent in this place.
 B = Non-inter-level travel time spent in this place.
 C = Inter-level travel time spent in this place.
 D = Time resting spent in this place.
 E = Time spent auto-exploring this place.
 F = Levels seen in this place.
 G = Mean time per level.
                   A        B        C        D        E       F      G
               +--------+--------+--------+--------+--------+-----+--------+
         Total |   3102 |   2978 |    124 |    561 |   1735 |   3 | 1034.0 |
       Dungeon |   3102 |   2978 |    124 |    561 |   1735 |   3 | 1034.0 |
               +--------+--------+--------+--------+--------+-----+--------+

Top non-repeatable levels by time:
     D:1: 1194 daAuts
     D:2: 980 daAuts
     D:3: 928 daAuts
